 Dungeon Crawl Stone Soup version 0.30-a0-1018-g25214051b3 (webtiles) character file.

Game seed: 6716841070499079881

630 ytrimaz the Blocker (level 7, 0/52 HPs)
             Began as a Formicid Fighter on Apr 8, 2023.
             Succumbed to a water moccasin's poison
             ... on level 5 of the Dungeon.
             The game lasted 00:03:38 (3443 turns).

ytrimaz the Blocker (Formicid Fighter)              Turns: 3443, Time: 00:03:39

Health: 0/52       AC: 10    Str: 23    XL:     7   Next: 77%
Magic:  7/7        EV:  9    Int:  7    God:
Gold:   272        SH:  6    Dex: 13    Spells: 6/6 levels left

rFire   . . .      SeeInvis +    o - +2 war axe (heavy)
rCold   . . .      Faith    .    c - +0 buckler
rNeg    . . .      Spirit   .    b - +0 scale mail
rPois   .          Reflect  .    (helmet unavailable)
rElec   .          Rampage  .    (no cloak)
rCorr   .                        g - +2 pair of gloves
Will    .....                    (no boots) Stlth
                                 (no amulet)
HPRegen 0.28/turn                (no ring)
MPRegen 0.10/turn                (no ring)

@: mighty, lethally poisoned (0 -> -7)
A: permanent stasis, dig shafts and tunnels, antennae 3, four strong arms
a: Dig, Shaft Self


You were on level 5 of the Dungeon.
You visited 1 branch of the dungeon, and saw 5 of its levels.

You collected 272 gold pieces.


Innate Abilities, Weirdness & Mutations

You cannot be hasted, slowed, berserked, paralysed or teleported.
You can dig through walls and to a lower floor.
You have a pair of large antennae on your head. (SInv)
Your four strong arms can wield two-handed weapons with a shield.


   Skills:
 - Level 3.2 Fighting
 + Level 4.9 Axes
 - Level 3.2 Armour
 * Level 9.3 Shields


You had 6 spell levels left.
You didn't know any spells.
Your spell library contained the following spells:

 Spells                   Type           Power      Damage    Failure   Level
 Shock                    Conj/Air       0%         1d3       80%         1
 Airstrike                Air            0%         2d(0-16)  100%        4
 Swiftness                Air            Unusable   N/A       N/A         3

Inventory:

Hand Weapons
 a - a +1 war axe
 o - a +2 heavy war axe (weapon)
   (You found it on level 4 of the Dungeon)
Armour
 b - a +0 scale mail (worn)
 c - a +0 buckler (worn)
 g - a +2 pair of gloves (worn)
   (You found it on level 2 of the Dungeon)
Wands
 l - a wand of mindburst (13)
   (You found it on level 3 of the Dungeon)
 r - a wand of charming (11)
   (You found it on level 4 of the Dungeon)
Scrolls
 f - 4 scrolls of vulnerability
 i - a scroll of amnesia
 k - a scroll of fog
 m - 2 scrolls of identify
 p - 2 scrolls of poison {unknown}
 q - a scroll of magic mapping {unknown}
Potions
 h - 3 potions of brilliance
 j - a potion of mutation {unknown}
 n - a potion of lignification {unknown}
 t - a potion of invisibility {unknown}

Dungeon Overview and Level Annotations

Branches:
Dungeon (5/15) Zot: 26475  Temple (0/1) D:5

Altars:
Ashenzari
Cheibriados
Fedhas
Gozag
Makhleb
The Shining One

#..##.....###
##....
##..######
##... ##.##
.## #..## ##
##..###
##....#
##.....##
##.......##
#.)@......#
#.)).......>
#....$...##.8
#)........#
#.
#.........#
#.......####
##....###
#....


There were no monsters in sight!


Message History

A gnoll comes into view. It is wielding a +0 halberd.
The gnoll shouts!
The dart slug launches a dart at you.
The slug dart hits you but does no damage.
The gnoll closely misses you.
A gnoll comes into view. It is wielding a +0 halberd.
The gnoll shouts!
You hear an angry hiss.
You block the gnoll's attack.
You hit the gnoll. You hit the dart slug.
The gnoll hits you but does no damage. x2; The dart slug bites you.
The gnoll barely misses you. You block the gnoll's attack.
You block the dart slug's attack. 😕 HP[-2]
You take 2 damage, and now have 50/52 hp.
Unknown command.
You hit the gnoll. You barely miss the dart slug. The gnoll closely misses you.
The gnoll hits you from afar with a +0 halberd!
The gnoll hits you with a +0 spear. You block the gnoll's attack.
The gnoll hits you from afar with a +0 halberd.
The dart slug launches a dart at you.
The slug dart hits you but does no damage. 😮 HP[-17]
You take 17 damage, and now have 33/52 hp.
MASSIVE DAMAGE!! (PAUSE)
A water moccasin comes into view.
The water moccasin hisses angrily.
The gnoll hits you with a +0 spear. The gnoll hits you with a +0 halberd!
* * * LOW HITPOINT WARNING * * *
The gnoll barely misses you.
You block the dart slug's attack. 😨 HP[-10]
You take 10 damage, and now have 23/52 hp.
Unknown command.
You feel much better. The gnoll hits you with a +0 spear.
The gnoll barely misses you.
The gnoll hits you with a +0 halberd. 😕 HP[+18]
You regained 18 hp, and now have 41/52 hp.
You feel very mighty all of a sudden. The gnoll hits you with a +0 halberd.
The gnoll hits you but does no damage. The gnoll hits you with a +0 halberd!
The dart slug barely misses you. 😮 HP[-12]
You take 12 damage, and now have 29/52 hp.
MASSIVE DAMAGE!! (PAUSE)
You closely miss the gnoll. You barely miss the gnoll. You slash the gnoll!
You slash the dart slug!
You kill the dart slug!
The gnoll hits you but does no damage. x3
The gnoll hits you with a +0 halberd!
* * * LOW HITPOINT WARNING * * *
The gnoll hits you with a +0 halberd.
* * * LOW HITPOINT WARNING * * *
The gnoll barely misses you.
The water moccasin bites you but does no damage. 😨 HP[-9]
You take 9 damage, and now have 20/52 hp.
Unknown command.
You barely miss the gnoll. You slash the gnoll!
You kill the gnoll!
You barely miss the water moccasin. You hit the gnoll.
You block the water moccasin's attack. You block the gnoll's attack.
The gnoll hits you with a +0 spear.
* * * LOW HITPOINT WARNING * * *
The water moccasin bites you.
* * * LOW HITPOINT WARNING * * *
The gnoll closely misses you. The gnoll hits you with a +0 spear.
* * * LOW HITPOINT WARNING * * *
The water moccasin bites you but does no damage. 😨 HP[-6]
You take 6 damage, and now have 14/52 hp.
Unknown command.
Unknown command.
You closely miss the water moccasin. You slash the gnoll!
You kill the gnoll!
You slice the gnoll!!
You kill the gnoll!
The water moccasin bites you.
* * * LOW HITPOINT WARNING * * *
The water moccasin bites you.
* * * LOW HITPOINT WARNING * * *
😱 HP[-5]
You take 5 damage, and now have 9/52 hp.
Unknown command.
You slice the water moccasin!!
The water moccasin bites you but does no damage.
The water moccasin bites you.
* * * LOW HITPOINT WARNING * * *
You are lethally poisoned!
The water moccasin poisons you!
You block the water moccasin's attack. 😱 HP[-3]
You take 3 damage, and now have 6/52 hp.
You slash the water moccasin!
You kill the water moccasin!
* * * LOW HITPOINT WARNING * * *
You feel very sick.
Your Shields skill increases to level 9! 😱 HP[-4]
You take 4 damage, and now have 2/52 hp.
Unknown command.
It was a potion of haste.
Your stasis prevents you from being hasted.
You die...

Skill      XL: |  1  2  3  4  5  6  7 |
---------------+----------------------+-----
Shields        | 5 7 8 9 |  9.3
Axes           | 3 4 |  4.9
Fighting       | |  3.2
Armour         | |  3.2

Action                     |  1- 3 |  4- 6 |  7- 9 || total
---------------------------+-------+-------+-------++-------
  Melee: War axe           |    81 |    72 |    17 ||   170
Ability: Dig               |       |     1 |       ||     1
    Use: Scroll            |     8 |     2 |       ||    10
         Potion            |     3 |       |     3 ||     6
 Armour: Scale mail        |    45 |    36 |    14 ||    95
  Dodge: Dodged            |    38 |    26 |    11 ||    75
  Block: Buckler           |    29 |    21 |    13 ||    63

Levels and vault maps discovered:
D:1:      dpeg_arrival_radiant, layout_basic
D:2:      minmay_general_purpose_star, layout_basic, minmay_puff
D:3:      layout_loops_ring, mainiacjoe_overflow_catwalk, ashenzari_altar_1,
          makhleb_altar_promises_db, hellmonk_ecumenical_altar_crossroads,
          patterned_corridor
D:4:      layout_rooms, lemuel_doored_altar, mainiacjoe_overflow_alcove_4,
          bh_walls_and_bars
D:5:      layout_cave_pods, nicolae_gozag_zags_fifth_avenue, temple_statues,
          feat_on_display

Notes
Turn   | Place    | Note
-------+----------+-------------------------------------------
     0 | D:1      | ytrimaz the Formicid Fighter began the quest for the Orb.
     0 | D:1      | Reached XP level 1. HP: 18/18 MP: 1/1
     0 | D:1      | magus.rc [v1.9.6]
   125 | D:1      | Reached XP level 2. HP: 24/24 MP: 2/2
   923 | D:2      | Reached XP level 3. HP: 28/29 MP: 3/3
  1030 | D:2      | Reached skill level 5 in Shields
  1338 | D:2      | HP: 7/28 [adder (3)]
  1340 | D:2      | HP: 3/28 [poisoned by an adder]
  1603 | D:2      | Reached XP level 4. HP: 35/35 MP: 4/4
  1969 | D:3      | Found a broken altar of Ashenzari.
  2051 | D:3      | Reached skill level 3 in Axes
  2055 | D:3      | Reached skill level 6 in Shields
  2317 | D:3      | Found a faded altar of an unknown god.
  2330 | D:3      | Found a burning altar of Makhleb.
  2332 | D:3      | Noticed a green death
  2336 | D:3      | Noticed a ynoxinul
  2336 | D:3      | Noticed a hellwing
  2468 | D:3      | Found a glowing golden altar of the Shining One.
  2573 | D:4      | Noticed an ogre
  2581 | D:4      | Killed an ogre
  2582 | D:4      | Reached skill level 7 in Shields
  2582 | D:4      | Reached XP level 5. HP: 41/41 MP: 5/5
  2616 | D:4      | Reached XP level 6. HP: 43/47 MP: 6/6
  2697 | D:4      | Reached skill level 4 in Axes
  2894 | D:4      | Found a snail-covered altar of Cheibriados.
  2901 | D:4      | Reached skill level 8 in Shields
  2901 | D:4      | Reached XP level 7. HP: 50/52 MP: 7/7
  2946 | D:4      | Found a blossoming altar of Fedhas.
  2980 | D:4      | You pick up a book of Air and begin reading...
  2980 | D:4      | You add the spells Shock and Airstrike to your library.
  3097 | D:5      | Entered Level 5 of the Dungeon
  3178 | D:5      | Found an opulent altar of Gozag.
  3429 | D:5      | Found a staircase to the Ecumenical Temple.
  3435 | D:5      | Noticed a water moccasin
  3440 | D:5      | HP: 12/52 [water moccasin (3)]
  3442 | D:5      | Killed a water moccasin
  3442 | D:5      | HP: 2/52 [poisoned by a water moccasin]
  3443 | D:5      | Reached skill level 9 in Shields
  3443 | D:5      | Succumbed to a water moccasin's poison

Vanquished Creatures
  A water moccasin (D:5)
  2 ogres
  2 scorpions (D:4)
  2 jellies
  An orc wizard (D:4)
  4 adders
  3 gnolls (D:5)
  A worm (D:2)
  4 dart slugs
  4 orcs (D:4)
  9 ball pythons
  3 bats (D:1)
  7 endoplasms
  3 giant cockroaches
  3 goblins
  5 hobgoblins
  3 jackals (D:3)
  6 kobolds
  2 quokkas
  2 frilled lizards
  6 rats
73 creatures vanquished.

Table legend:
 A = Non-vault XP
 B = Vault XP
 C = Vault XP percentage of total XP
 D = Non-vault monster count
 E = Vault monster count
 F = Vault count percentage of total count
                 A         B        C        D         E       F
            +---------+---------+-------+---------+---------+-------
      Total |     879 |      21 |   2.3 |      69 |       4 |   5.5
            +---------+---------+-------+---------+---------+-------
        D:1 |      26 |       0 |   0.0 |      14 |       0 |   0.0
        D:2 |      44 |      21 |  32.3 |      13 |       4 |  23.5
        D:3 |      41 |       0 |   0.0 |      17 |       0 |   0.0
        D:4 |     400 |       0 |   0.0 |      18 |       0 |   0.0
        D:5 |     368 |       0 |   0.0 |       7 |       0 |   0.0
            +---------+---------+-------+---------+---------+-------

Illustrated notes

Table legend:
 A = Kills in this place as a percentage of kills in the entire game.
 B = Kills by you in this place as a percentage of kills by you in the entire game.
 C = Kills by friends in this place as a percentage of kills by friends in the entire game.
 D = Other kills in this place as a percentage of other kills in the entire game.
 E = Experience gained in this place as a percentage of experience gained in the entire game.
 F = Experience gained in this place divided by the number of levels of this place that you have seen.
                   A       B       C       D       E      F
               +-------+-------+-------+-------+-------+----------------------
         Total | 100.0 | 100.0 |   N/A |   N/A | 100.0 | 180.0
       Dungeon | 100.0 | 100.0 |   N/A |   N/A | 100.0 | 180.0
               +-------+-------+-------+-------+-------+----------------------

Table legend: (Time is in decaauts)
 A = Elapsed time spent in this place.
 B = Non-inter-level travel time spent in this place.
 C = Inter-level travel time spent in this place.
 D = Time resting spent in this place.
 E = Time spent auto-exploring this place.
 F = Levels seen in this place.
 G = Mean time per level.
                   A        B        C        D        E       F      G
               +--------+--------+--------+--------+--------+-----+--------+
         Total |   3525 |   3461 |     64 |     25 |   2775 |   5 |  705.0 |
       Dungeon |   3525 |   3461 |     64 |     25 |   2775 |   5 |  705.0 |
               +--------+--------+--------+--------+--------+-----+--------+

Top non-repeatable levels by time:
     D:2: 963 daAuts
     D:1: 910 daAuts
     D:3: 730 daAuts
     D:4: 563 daAuts
     D:5: 356 daAuts
